 Dungeon Crawl Stone Soup version 0.25-a0-781-gc44aebf (webtiles) character file.

Game seed: 8830813973488951774, levelgen mode: deterministic

1 rednit the Skirmisher (level 1, 0/14 HPs)
             Began as a Gargoyle Fighter on Apr 15, 2020.
             Slain by a jackal (2 damage)
             ... on level 2 of the Dungeon.
             The game lasted 00:01:08 (110 turns).

rednit the Skirmisher (Gargoyle Fighter)             Turns: 110, Time: 00:01:08

Health: 0/14       AC:  9    Str: 19    XL:     1   Next: 20%
Magic:  1/1        EV:  7    Int:  8    God:
Gold:   9          SH:  9    Dex:  9    Spells: 0/0 levels left

rFire    . . .     SeeInvis .   a - +0 flail
rCold    . . .     Gourm    .   c - +0 kite shield
rNeg     + . .     Faith    .   b - +0 scale mail
rPois    ∞         Spirit   .   (no helmet)
rElec    +         Reflect  .   (no cloak)
rCorr    .         Harm     .   (no gloves)
MR       .....                  (no boots)
Stlth    ..........             (no amulet)
HPRegen  0.04/turn              (no ring)
MPRegen  0.07/turn              (no ring)

@: no status effects
A: negative energy resistance 1, electricity resistance, unbreathing,
petrification resistance, rot immunity, AC +2
a: no special abilities


You were on level 2 of the Dungeon.
You were not hungry.

You visited 1 branch of the dungeon, and saw 2 of its levels.

You collected 9 gold pieces.

Inventory:

Hand Weapons
 a - a +0 flail (weapon)
Missiles
 g - 5 stones (quivered)
Armour
 b - a +0 scale mail (worn)
 c - a +0 kite shield (worn)
Potions
 d - a potion of might
Comestibles
 f - a ration


   Skills:
 + Level 3.4 Fighting
 - Level 2.0 Maces & Flails
 - Level 3.2 Armour
 - Level 3.2 Shields


You couldn't memorise any spells.
You didn't know any spells.
Your spell library was empty.

Dungeon Overview and Level Annotations

Branches:
Dungeon (1/15)

Altars:
Cheibriados


Innate Abilities, Weirdness & Mutations

You are resistant to torment.
Your stone body is resilient. (AC +2)
You are immune to poison.
You resist negative energy. (rN+)
You are resistant to electric shocks. (rElec)
You can survive without breathing.
You are immune to petrification.
You are immune to rotting.


Message History

The adder barely misses you.
The jackal bites you but does no damage.
You closely miss the jackal.
The jackal is severely wounded.
The jackal barely misses you. The orc barely misses you.
An adder comes into view.
The adder bites you but does no damage.
The jackal bites you but does no damage. x2
The orc priest invokes the aid of Beogh against you.
Beogh smites you!
Ouch! That really hurt!
* * * LOW HITPOINT WARNING * * *
You block the orc's attack. The adder barely misses you.
The adder hisses angrily.
Unknown command.
You closely miss the jackal.
The jackal is severely wounded.
You block the jackal's attack. x2; You block the adder's attack.
The jackal bites you.
You die... .#.... .... _... .). ## #hg

#%. #g# ..###...##
#...##h# .#.......
#....h@## .........
#.....So# o.......
#...###o## ..[.....
#...###og#### #o......
#......o....####..(....
#..######.....og.......
###S####....... #..#
#....... ##.# ........


You could see an orc priest, 2 adders, 3 orcs, 3 jackals, 2 hobgoblins and a
goblin.

Vanquished Creatures
  A bat (D:1)
  A kobold (D:1)
2 creatures vanquished.

Notes
Turn   | Place    | Note
-------+----------+-------------------------------------------
     0 | D:1      | rednit the Gargoyle Fighter began the quest for the Orb.
     0 | D:1      | Reached XP level 1. HP: 14/14 MP: 1/1
    91 | D:1      | You fall into a shaft and drop 1 floor!
    91 | D:2      | Noticed an orc priest
   101 | D:2      | Found a snail-covered altar of Cheibriados.
   110 | D:2      | Slain by a jackal

Levels and vault maps discovered:
D:1:      nicolae_arrival_memento_mori, layout_loops_cross, minmay_pentomino_r4
D:2:      layout_rooms, cheibriados_altar_1

Action                   || total
-------------------------++-------
Melee: Flail             ||    13
  Use: Scroll            ||     1
Armor: Scale mail        ||    18
Dodge: Dodged            ||    14
Block: Kite shield       ||    13

Table legend:
 A = Non-vault XP
 B = Vault XP
 C = Vault XP percentage of total XP
 D = Non-vault monster count
 E = Vault monster count
 F = Vault count percentage of total count
                 A         B        C        D         E       F
            +---------+---------+-------+---------+---------+-------
      Total |       2 |       0 |   0.0 |       2 |       0 |   0.0
            +---------+---------+-------+---------+---------+-------
        D:1 |       2 |       0 |   0.0 |       2 |       0 |   0.0
            +---------+---------+-------+---------+---------+-------
